Map: Dusty Gorge

Players

bmoore

  • Race: Protoss Protoss
  • League: Gold
  • Spawn Location: 9:00

Mouthpeace

  • Race: Zerg Zerg
  • League: Platinum
  • Spawn Location: 11:00

Throwfordays - Winner!

  • Race: Protoss Protoss
  • League: Silver
  • Spawn Location: 5:00

Cthulhu - Winner!

  • Race: Protoss Protoss
  • Spawn Location: 3:00

VOD

Have the link to the VOD?

Description

Time

  • Played on: April 17, 2019, 9:15 p.m.
  • Length: 16:41
Show
View Real Time Build Order
Export as new Build Order

bmoore Protoss 

Build Orders: Carriers 

Get SALT Encoding   

  1  0:00  Probe  
  12  0:05  Probe  
  14  0:16  Probe  
  15  0:32  Pylon x2  
  15  0:43  Pylon  
  16  0:50  Probe  
  16  1:03  Probe  
  16  1:05  Gateway  
  16  1:08  Pylon  
  17  1:11  Probe  
  18  1:21  Probe  
  18  1:22  Assimilator  
  19  1:26  Assimilator  
  19  1:33  Probe  
  20  1:45  Probe  
  21  1:49  Pylon  
  21  2:04  Zealot  
  23  2:17  Probe  
  25  2:32  Cybernetics Core  
  25  2:37  Probe  
  25  2:43  Zealot  
  27  3:04  Protoss Air Weapons Level 1  
  27  3:07  Probe  
  28  3:13  Stalker  
  28  3:16  Pylon  
  28  3:19  Probe  
  31  3:20  Pylon  
  31  3:32  Nexus  
  31  3:40  Stargate, Probe  
  32  3:42  Stargate  
  32  3:46  Stalker  
  34  3:58  Probe  
  35  4:16  Probe  
  36  4:21  Stargate  
  36  4:24  Assimilator  
  36  4:29  Assimilator  
  36  4:42  Probe  
  36  4:44  Probe  
  38  4:50  Probe  
  38  4:51  Void Ray  
  42  4:59  Probe  
  44  5:11  Probe  
  44  5:12  Protoss Air Armor Level 1  
  45  5:23  Probe  
  45  5:26  Void Ray  
  50  5:34  Probe  
  51  5:35  Probe  
  52  5:43  Void Ray  
  52  5:47  Probe  
  52  5:48  Probe  
  58  6:00  Probe  
  59  6:07  Probe  
  60  6:12  Probe  
  61  6:20  Fleet Beacon  
  61  6:32  Stargate  
  61  6:35  Pylon  
  61  6:38  Pylon  
  61  6:43  Nexus  
  61  6:47  Assimilator  
  61  6:51  Assimilator  
  61  6:53  Probe  
  62  6:54  Probe  
  62  6:56  Carrier  
  69  7:36  Probe  
  70  7:37  Probe  
  70  7:39  Carrier  
  70  7:40  Carrier  
  83  7:47  Pylon  
  83  7:50  Pylon  
  83  7:53  Probe  
  83  7:55  Pylon  
  83  7:57  Probe  
  84  7:59  Probe  
  86  8:05  Probe  
  87  8:14  Carrier  
  87  8:16  Probe x2  
  87  8:19  Probe  
  96  8:28  Probe  
  97  8:40  Probe  
  92  8:43  Carrier  
  92  8:44  Carrier  
  89  8:53  Carrier  
  86  8:58  Probe  
  93  9:07  Probe  
  93  9:16  Probe  
  95  9:28  Probe  
  90  9:37  Carrier  
  90  9:41  Carrier  
  82  10:01  Carrier  
  75  10:48  Void Ray  
  61  10:50  Void Ray  
  63  11:04  Void Ray  
  61  11:26  Void Ray  
  60  11:34  Void Ray  
  49  11:55  Void Ray  
  49  11:59  Probe  
  54  12:17  Void Ray  
  54  12:21  Carrier  
  63  12:54  Nexus  
  63  12:58  Void Ray  
  61  13:10  Carrier  
  62  13:25  Carrier  
  62  13:32  Probe  
  69  13:47  Carrier  
  69  13:54  Probe  
  76  14:03  Probe  
  76  14:09  Protoss Air Weapons Level 2  
  77  14:11  Probe  
  78  14:22  Probe  
  79  14:26  Assimilator  
  79  14:30  Assimilator, Carrier  
  85  14:34  Probe  
  86  14:39  Probe  
  86  14:44  Void Ray  
  91  14:46  Probe  
  92  14:58  Probe  
  93  15:03  Stargate  
  93  15:10  Probe  
  93  15:11  Probe  
  95  15:18  Carrier  
  95  15:22  Probe  
  102  15:31  Carrier  
  102  15:34  Probe  
  109  15:56  Probe  
Show
View Real Time Build Order
Export as new Build Order

Mouthpeace Zerg 

Build Orders: Hatch First 

Get SALT Encoding   

  12  0:02  Drone  
  13  0:12  Overlord  
  13  0:18  Drone  
  14  0:31  Drone x2  
  16  0:38  Drone  
  17  0:48  Drone  
  18  0:59  Hatchery  
  18  1:02  Drone  
  18  1:08  Drone  
  19  1:14  Extractor  
  18  1:23  Spawning Pool  
  17  1:26  Overlord  
  17  1:53  Drone x3  
  20  2:07  Overlord  
  20  2:10  Queen  
  20  2:11  Drone  
  20  2:14  Queen  
  25  2:16  Drone  
  26  2:35  Drone  
  27  2:39  Extractor  
  26  2:44  Drone x3  
  29  2:51  Metabolic Boost  
  29  2:54  Queen  
  29  2:56  Zergling x2  
  29  2:57  Zergling x2  
  33  3:01  Zergling x2  
  34  3:08  Evolution Chamber  
  33  3:13  Zergling x2  
  33  3:14  Zergling x2  
  35  3:20  Zergling x2  
  35  3:21  Zergling x8  
  35  3:24  Zergling x6  
  35  3:26  Zergling x2  
  44  3:36  Zerg Ground Armor Level 1  
  44  3:52  Overlord x3  
  44  4:12  Drone x3  
  44  4:14  Drone x2  
  44  4:15  Drone x2  
  45  4:48  Lair  
  45  4:50  Drone x3  
  47  4:53  Drone  
  47  4:54  Drone x2  
  43  5:10  Evolution Chamber  
  43  5:13  Roach Warren  
  41  5:21  Overlord x2  
  41  5:25  Extractor  
  41  5:26  Extractor  
  41  5:27  Drone x4  
  41  5:28  Drone  
  44  5:32  Zerg Missile Weapons Level 1  
  44  5:38  Overlord  
  44  5:47  Zerg Ground Armor Level 2  
  44  5:52  Glial Reconstitution  
  44  5:57  Hydralisk Den  
  43  6:19  Drone x4  
  43  6:21  Overlord  
  43  6:22  Overlord  
  47  6:29  Grooved Spines  
  47  6:32  Roach x6  
  59  6:33  Roach x3  
  65  6:52  Hydralisk x2  
  65  6:53  Hydralisk x2  
  73  6:58  Roach  
  73  6:59  Roach x3  
  81  7:35  Infestation Pit  
  80  7:37  Roach x3  
  80  7:38  Roach x2  
  90  8:06  Zerg Missile Weapons Level 2  
  90  8:08  Hatchery  
  90  8:09  Hydralisk x3  
  95  8:13  Overlord x4  
  95  8:32  Hydralisk x3  
  93  9:15  Roach x4  
  101  9:17  Roach x5  
  101  9:18  Roach x4  
  83  9:46  Roach  
  83  9:47  Roach x2  
  83  9:49  Hydralisk x3  
  95  10:10  Hydralisk x2  
  99  10:20  Hydralisk x2  
  103  10:26  Hydralisk x3  
  103  10:27  Hydralisk  
  111  10:30  Hydralisk x3  
  117  10:36  Hive  
  63  11:20  Roach  
  63  11:21  Roach x3  
  63  11:24  Roach x4  
  63  11:25  Roach x4  
  83  11:28  Roach  
  83  11:29  Roach x2  
  45  12:40  Queen  
  45  12:41  Drone x3  
  50  12:47  Roach x6, Ultralisk Cavern  
  50  12:49  Roach x2  
  50  12:50  Roach x4  
  73  13:00  Extractor  
  72  13:20  Overlord x2  
  72  13:24  Overlord x2  
  72  13:36  Chitinous Plating  
  72  13:45  Ultralisk x3  
  72  13:48  Ultralisk x3  
  108  13:56  Ultralisk  
  108  13:57  Ultralisk  
  108  14:02  Ultralisk  
  126  14:34  Roach x4  
  126  14:35  Roach  
  126  14:38  Roach x5  
  146  14:48  Overlord  
  146  14:51  Hydralisk x2  
  146  14:52  Hydralisk  
  152  14:54  Hydralisk  
  154  15:02  Overlord  
Show
View Real Time Build Order
Export as new Build Order

Throwfordays Protoss - Winner!

Build Orders:  

Get SALT Encoding   

  12  0:00  Probe  
  13  0:16  Pylon  
  13  0:25  Probe  
  14  0:37  Probe  
  14  0:42  Gateway  
  15  0:48  Assimilator  
  15  0:49  Probe  
  16  1:08  Probe  
  16  1:16  Probe  
  18  1:25  Probe  
  18  1:31  Cybernetics Core  
  19  1:34  Pylon, Probe  
  20  1:42  Probe  
  21  2:11  Nexus  
  21  2:26  Adept  
  21  2:29  Pylon  
  23  2:39  Robotics Facility  
  23  2:41  Warp Gate  
  23  2:46  Gateway  
  23  2:51  Assimilator, Pylon  
  23  3:01  Adept  
  25  3:11  Forge  
  26  3:12  Probe  
  26  3:19  Probe  
  26  3:25  Probe  
  28  3:27  Probe  
  29  3:37  Probe  
  30  3:44  Immortal  
  34  3:50  Pylon  
  34  3:52  Probe  
  34  3:55  Probe  
  36  4:04  Probe  
  36  4:07  Probe  
  38  4:23  Immortal  
  42  4:48  Adept x2  
  46  4:57  Probe  
  39  5:05  Probe  
  38  5:14  Probe  
  38  5:15  Probe  
  40  5:22  Probe  
  40  5:24  Probe  
  42  5:30  Probe  
  42  5:32  Probe  
  42  5:34  Immortal  
  47  5:41  Probe x2  
  50  5:53  Probe x2  
  52  6:01  Protoss Ground Weapons Level 1  
  52  6:02  Probe  
  52  6:05  Probe  
  52  6:10  Probe  
  54  6:15  Warp Prism  
  54  6:18  Pylon  
  57  6:20  Probe  
  58  6:29  Probe  
  58  6:31  Assimilator  
  58  6:32  Probe  
  60  6:36  Assimilator  
  60  6:44  Probe  
  61  6:51  Observer  
  62  7:05  Robotics Facility  
  62  7:07  Gateway  
  62  7:08  Gateway  
  62  7:10  Gateway  
  62  7:12  Gateway  
  62  7:20  Gateway  
  62  7:21  Probe  
  63  7:23  Gateway, Probe  
  64  7:33  Probe  
  64  7:35  Stalker x2, Probe  
  70  7:39  Nexus  
  70  7:45  Pylon, Probe  
  70  7:47  Probe  
  72  8:11  Pylon  
  72  8:13  Pylon, Probe  
  72  8:17  Pylon  
  73  8:20  Pylon  
  73  8:24  Stalker x5  
  73  8:25  Stalker  
  85  8:30  Stalker x2  
  89  8:49  Protoss Ground Armor Level 1  
  89  8:59  Stalker x3  
  89  9:00  Stalker x4  
  89  9:01  Stalker  
  99  9:27  Stalker x5  
  99  9:28  Stalker x2  
  83  9:46  Probe  
  83  9:49  Probe  
  83  9:52  Probe  
  84  9:54  Probe  
  84  9:57  Probe  
  87  10:00  Probe  
  87  10:04  Probe  
  90  10:07  Probe  
  90  10:10  Probe  
  92  10:16  Probe  
  92  10:19  Probe  
  92  10:20  Stalker x5  
  104  10:22  Stalker, Probe  
  107  10:28  Probe  
  107  10:30  Pylon  
  107  10:31  Probe  
  107  10:34  Probe  
  104  10:43  Stalker  
  104  10:44  Stalker x3  
  108  10:56  Stalker x3  
  106  11:03  Stalker  
  84  11:13  Stalker x4  
  84  11:25  Gateway  
  80  11:44  Stalker x2  
  80  11:45  Stalker x6  
  92  11:55  Probe  
  89  12:05  Assimilator  
  79  12:11  Assimilator  
  75  12:17  Stalker x5  
  71  12:37  Nexus  
  71  12:49  Protoss Shields Level 1  
  71  12:57  Twilight Council  
  71  13:00  Forge  
  71  13:03  Immortal  
  71  13:04  Immortal  
  79  13:07  Stalker x2  
  79  13:08  Stalker x2  
  87  13:22  Stalker x3  
  87  13:23  Stalker  
  95  13:32  Protoss Ground Weapons Level 2  
  95  13:39  Probe  
  96  13:43  Probe, Immortal x2  
  96  13:45  Blink  
  96  13:48  Pylon  
  105  13:51  Assimilator, Probe  
  105  13:55  Probe  
  107  13:56  Assimilator  
  107  14:03  Probe  
  107  14:04  Photon Cannon  
  107  14:07  Probe  
  107  14:08  Photon Cannon  
  109  14:15  Probe  
  110  14:19  Probe  
  111  14:27  Probe  
  111  14:29  Pylon  
  112  14:32  Pylon  
  112  14:34  Pylon  
  112  14:41  Stalker x2  
  112  14:42  Pylon, Stalker x4  
  112  14:43  Stalker x3  
  130  14:59  Immortal  
  138  15:00  Immortal  
  138  15:25  Robotics Facility  
  138  15:27  Stalker x6  
  138  15:28  Stalker x3, Robotics Facility  
  156  15:39  Observer x2  
  156  15:41  Pylon  
  136  16:01  Stalker x6  
  136  16:02  Stalker x3  
Show
View Real Time Build Order
Export as new Build Order

Cthulhu Protoss - Winner!

Build Orders: 1 Gate Expand 

Get SALT Encoding   

  12  0:04  Probe  
  13  0:18  Probe  
  13  0:19  Pylon  
  14  0:30  Probe  
  15  0:39  Gateway  
  15  0:43  Probe  
  16  0:55  Probe  
  17  0:57  Assimilator  
  17  1:19  Nexus  
  17  1:22  Probe  
  18  1:37  Cybernetics Core  
  18  1:40  Probe  
  19  1:52  Probe  
  20  1:55  Pylon  
  20  1:57  Warp Gate  
  20  2:04  Probe  
  21  2:10  Zealot  
  23  2:16  Probe  
  24  2:32  Pylon  
  24  2:38  Forge  
  24  2:43  Assimilator, Probe x2  
  26  2:55  Stalker, Probe  
  29  3:01  Protoss Ground Weapons Level 1  
  29  3:02  Probe  
  29  3:03  Probe  
  29  3:11  Probe  
  32  3:22  Probe x2  
  32  3:25  Gateway  
  34  3:34  Probe  
  35  3:35  Probe  
  36  3:42  Twilight Council  
  36  3:46  Probe  
  36  3:47  Probe  
  38  3:55  Stalker  
  40  4:04  Probe x2  
  42  4:14  Gateway  
  13  4:40  Zealot  
  13  4:41  Zealot  
  17  4:46  Probe x2  
  19  5:05  Stalker x2  
  23  5:14  Probe x2  
  23  5:15  Pylon  
  23  5:19  Charge  
  25  5:21  Assimilator  
  25  5:22  Probe  
  25  5:24  Assimilator  
  26  5:32  Zealot x3  
  32  5:39  Pylon  
  32  5:45  Probe x2  
  34  6:08  Probe  
  34  6:09  Probe  
  36  6:19  Pylon  
  36  6:25  Protoss Ground Armor Level 1, Probe x2  
  37  6:26  Nexus  
  38  6:35  Stalker  
  38  6:39  Sentry  
  42  6:47  Probe  
  42  6:51  Blink  
  43  7:00  Probe  
  43  7:01  Probe  
  43  7:08  Probe  
  45  7:09  Probe  
  47  7:28  Stalker x2  
  49  7:30  Stalker  
  51  7:42  Probe  
  51  7:43  Probe  
  51  7:44  Photon Cannon  
  53  7:54  Probe  
  53  7:55  Probe  
  53  7:56  Pylon  
  55  7:59  Probe  
  56  8:06  Stalker, Probe  
  56  8:07  Probe  
  56  8:10  Stalker  
  56  8:12  Probe  
  59  8:54  Probe x3  
  46  9:02  Stalker  
  46  9:03  Stalker x2  
  48  9:31  Stalker x3  
  52  9:36  Gateway  
  52  9:38  Gateway  
  52  9:41  Gateway  
  52  9:49  Probe  
  52  9:50  Probe x2  
  55  9:55  Protoss Ground Weapons Level 2  
  55  9:56  Stalker x3  
  61  10:02  Probe x3  
  64  10:14  Probe x2  
  65  10:19  Templar Archives  
  66  10:22  Pylon  
  66  10:23  Pylon  
  62  11:12  Probe x3  
  62  11:13  Stalker x2  
  62  11:14  Stalker x4  
  61  12:03  Protoss Ground Armor Level 2  
  61  12:15  High Templar x5  
  67  12:16  High Templar  
  67  12:17  Probe  
  67  12:18  Probe x2  
  67  12:21  Assimilator  
  67  12:22  Assimilator  
  76  12:27  Nexus  
  76  12:29  Assimilator  
  77  12:30  Probe x3  
  77  12:32  Assimilator, Pylon  
  77  12:34  Pylon  
  79  12:38  Pylon  
  79  12:40  Pylon  
  79  12:42  Probe x2  
  75  13:17  Stalker x5  
  75  13:18  Stalker  
  87  13:26  Gateway  
  83  13:27  Gateway  
  83  13:30  Gateway  
  83  13:44  Psionic Storm  
  83  13:47  Probe x3  
  86  13:49  High Templar x4  
  86  13:50  High Templar x2  
  98  14:08  Gateway  
  98  14:09  Gateway  
  98  14:11  Gateway  
  98  14:12  Gateway  
  98  14:15  Gateway  
  98  14:17  Gateway  
  98  14:25  Stalker x2  
  98  14:26  Stalker x5  
  98  14:27  Stalker  
  114  14:56  Photon Cannon  
  114  14:57  Photon Cannon  
  114  15:00  Photon Cannon  
  114  15:05  Shield Battery  
  114  15:16  Zealot x7  
  114  15:17  Zealot x5  
  114  15:18  Zealot x2  
  134  15:44  Pylon  
  94  16:19  Archon x2  
  94  16:37  Robotics Facility  
Tags
 
Add a new tag
Caveats
  • Supply blocks, unpowered buildings, or Contaminate may cause inaccurate times.
  • Supply counts are checked every 10 seconds.